 Dungeon Sprint DCSS version 0.26-a0-682-g294304f6e8 (webtiles) character file.

Game seed: 3865760464176698051

37928 mhtbhm the Warrior (level 13, -17/141 HPs)
             Began as a Minotaur Fighter on Oct 20, 2020.
             Was the Champion of Okawaru.
             Killed from afar by an ice dragon (49 damage)
             ... with a blast of cold
             ... in the Dungeon (Sprint IX: "|||||||||||||||||||||||||||||").
             The game lasted 00:07:51 (4726 turns).

mhtbhm the Warrior (Minotaur Fighter)               Turns: 4726, Time: 00:07:52

Health: -17/141    AC: 23    Str: 27    XL:     13   Next: 61%
Magic:  10/12      EV: 19    Int:  5    God:    Okawaru [******]
Gold:   441        SH: 18    Dex: 12    Spells: 12/12 levels left

rFire    + . .     SeeInvis .   a - +5 double sword (holy)
rCold    . . .     Faith    .   c - +0 kite shield
rNeg     . . .     Spirit   .   b - +4 scale mail {rPois}
rPois    +         Reflect  .   w - +1 hat
rElec    .         Harm     .   j - scarf {repulsion}
rCorr    .         Rampage  .   y - +2 pair of gloves
MR       .....     NoTele   +   o - +0 pair of boots
Stlth    +++.......             B - amulet of the acrobat
HPRegen  0.33/turn              p - +3 ring of strength
MPRegen  0.13/turn              r - ring of protection from fire

@: heroism, repel missiles
A: retaliatory headbutt, horns 2
a: Heroism, Finesse, Renounce Religion


You were in the Dungeon.
You worshipped Okawaru.
Okawaru was exalted by your worship.
You visited 1 branch You collected 1912 gold pieces.
You spent 1471 gold pieces at shops.

Inventory:

Hand Weapons
 a - a +5 double sword of holy wrath (weapon)
Armour
 b - a +4 scale mail of poison resistance (worn)
 c - a +0 kite shield (worn)
 j - a scarf of repulsion (worn)
 o - a +0 pair of boots (worn)
 w - a +1 hat (worn)
 y - a +2 pair of gloves (worn)
Jewellery
 p - a +3 ring of strength (left hand)
 q - a +2 ring of evasion
 r - a ring of protection from fire (right hand)
 z - an uncursed ring of protection from cold
 B - an amulet of the acrobat (around neck)
Wands
 x - a wand of acid (5)
Scrolls
 k - 5 scrolls of remove curse
 l - 2 scrolls of amnesia
 s - a scroll of identify
 t - 2 scrolls of fog
 u - 2 scrolls of enchant armour
 v - 2 scrolls of fear
 C - 4 scrolls of enchant weapon
Potions
 d - 5 potions of might
 e - 11 potions of curing
 f - 4 potions of heal wounds
 h - 4 potions of magic
 i - a potion of brilliance
 A - a potion of berserk rage
Miscellaneous
 m - a condenser vane (2/2)


   Skills:
 + Level 20.9(25.9) Fighting
 + Level 20.4(25.4) Long Blades
 + Level 17.9(22.9) Armour
 + Level 10.5(15.5) Dodging
 - Level 6.6(11.6) Stealth
 + Level 19.6(24.6) Shields
 + Level 1.2 Invocations
 + Level 5.7 Evocations


You had 12 spell levels left.
You didn't know any spells.
Your spell library was empty.

Dungeon Overview and Level Annotations

Branches:
Dungeon (1/1)

Altars:
Cheibriados
Dithmenos
Elyvilon
Fedhas
Gozag
Hepliaklqana
Kikubaaqudgha
Makhleb
Nemelex Xobeh
Okawaru
Qazlal
Ru
Sif Muna
Trog
Uskayaw
Vehumet
Wu Jian
Xom
Yredelemnul
Zin
The Shining One
Beogh
Jiyva
Lugonu

Shops:
D ![}[


Innate Abilities, Weirdness & Mutations

You reflexively headbutt those who attack you in melee.
You have a pair of horns on your head.


Message History

The blast of cold hits you!!!
* * * LOW HITPOINT WARNING * * *
You slice the ice dragon!!
The ice dragon is moderately wounded.
You block the ice dragon's attack. x2; The ice dragon tramples you.
* * * LOW HITPOINT WARNING * * *
You stumble backwards!
You slice the ice dragon!!
The ice dragon is heavily wounded.
You block the ice dragon's attack. x3
You barely miss the ice dragon. Your headbutt misses the ice dragon.
The ice dragon is heavily wounded.
You barely miss the ice dragon.
The ice dragon is heavily wounded.
You block the ice dragon's attack. The ice dragon misses you.
You block the ice dragon's attack.
You feel much better. The ice dragon breathes frost at you.
The blast of cold hits you!!!
You die...

▓▓▓▓▓▓▓▓▓▓▓▓▓▓▓▓▓▓▓▓▓▓▓▓▓
▓.........C...C...'u.i.YD
▓.▓▓▓▓▓▓▓▓▓▓▓▓▓▓▓▓▓▓▓▓▓▓▓
▓......D@...........)....
▓▓▓▓▓▓▓▓▓▓▓▓▓▓▓▓▓▓▓▓▓▓▓▓▓
▓...............'(.)))†).
▓.▓▓▓▓▓▓▓▓▓▓▓▓▓▓▓▓▓▓▓▓▓▓▓
▓........................
▓▓▓▓▓▓▓▓▓▓▓▓▓▓▓▓▓▓▓▓▓▓▓▓▓
▓.........'....=)))))))).
▓.▓▓▓▓▓▓▓▓▓▓▓▓▓▓▓▓▓▓▓▓▓▓▓
▓........................


You could see an ice dragon (catching breath).

Vanquished Creatures
  Gastronok (D)
  Frances (D)
  A nagaraja (D)
  2 fire giants (D)
  A fire dragon (D)
  Snorg (D)
  2 ice dragons (D)
  3 hydras (D)
  3 boulder beetles (D)
  A ghost crab (D)
  A centaur warrior (D)
  An alligator snapping turtle (D)
  A satyr (D)
  An alligator (D)
  A shock serpent (shapeshifter) (D)
  3 orc high priests (D)
  A spriggan berserker (D)
  An unseen horror (shapeshifter) (D)
  A deep elf mage (D)
  2 orc knights (D)
  2 orb spiders (D)
  An oklob plant (D)
  2 orc sorcerers (D)
  3 wolf spiders (D)
  2 manticores (D)
  A salamander (D)
  A cyclops (D)
  2 merfolk sirens (D)
  4 cane toads (D)
  6 black mambas (D)
  A naga mage (D)
  2 komodo dragons (D)
  A yaktaur (D)
  2 tengu conjurers (D)
  2 merfolk (D)
  A hornet (D)
  A polar bear (D)
  A blink frog (D)
  A dream sheep (D)
  A snapping turtle (D)
  2 tarantellas (D)
  A redback (D)
  A spriggan (D)
  2 vampires (D)
  2 basilisks (D)
  A wyvern (D)
  Eustachio (D)
  2 yaks (D)
  A vampire mosquito (D)
  2 wargs (D)
  3 water moccasins (D)
  3 hell hounds (D)
  2 ice beasts (D)
  9 orc warriors (D)
  A black bear (D)
  A necrophage (D)
  A sky beast (D)
  3 wolves (D)
  A big kobold (D)
  4 bullfrogs (D)
  A scorpion (D)
  7 orc priests (D)
  A jelly (D)
  An iguana (D)
  4 orc wizards (D)
  An ooze (D)
  An adder skeleton (D)
  14 orcs (D)
  A bat (D)
  A bat zombie (D)
  2 giant cockroaches (D)
  A frilled lizard (D)
  A goblin (D)
145 creatures vanquished.

Vanquished Creatures (others)
  A hydra (D)
1 creature vanquished.

Grand Total: 146 creatures vanquished

Notes
Turn   | Place    | Note
-------+----------+-------------------------------------------
     0 | D        | mhtbhm the Minotaur Fighter began the quest for the Orb.
     0 | D        | Reached XP level 1. HP: 19/19 MP: 0/0
    11 | D        | Reached XP level 2. HP: 27/28 MP: 1/1
    96 | D        | Noticed a sky beast
    96 | D        | Noticed a scorpion
    96 | D        | Noticed a necrophage
   102 | D        | Killed a sky beast
   102 | D        | Reached XP level 3. HP: 38/38 MP: 2/2
   102 | D        | Reached XP level 4. HP: 45/45 MP: 3/3
   109 | D        | Reached XP level 5. HP: 53/53 MP: 4/4
   112 | D        | Killed a necrophage
   112 | D        | Reached skill level 5 in Long Blades
   118 | D        | Found a roughly hewn altar of Beogh.
   118 | D        | Found a snail-covered altar of Cheibriados.
   118 | D        | Found a shadowy altar of Dithmenos.
   118 | D        | Found a white marble altar of Elyvilon.
   118 | D        | Found a blossoming altar of Fedhas.
   118 | D        | Found an opulent altar of Gozag.
   119 | D        | Found a hazy altar of Hepliaklqana.
   120 | D        | Found a viscous altar of Jiyva.
   121 | D        | Found an ancient bone altar of Kikubaaqudgha.
   122 | D        | Found a corrupted altar of Lugonu.
   123 | D        | Found a burning altar of Makhleb.
   124 | D        | Found a sparkling altar of Nemelex Xobeh.
   125 | D        | Found an iron altar of Okawaru.
   126 | D        | Found a stormy altar of Qazlal.
   127 | D        | Found a sacrificial altar of Ru.
   128 | D        | Found a shimmering blue altar of Sif Muna.
   129 | D        | Found a bloodstained altar of Trog.
   130 | D        | Found a hide-covered altar of Uskayaw.
   131 | D        | Found a radiant altar of Vehumet.
   139 | D        | Found an ornate altar of the Wu Jian Council.
   140 | D        | Became a worshipper of Warmaster Okawaru
   141 | D        | Found a shimmering altar of Xom.
   142 | D        | Found a basalt altar of Yredelemnul.
   143 | D        | Found a glowing silver altar of Zin.
   144 | D        | Found a glowing golden altar of the Shining One.
   290 | D        | Noticed a yak
   290 | D        | Noticed an ice beast
   294 | D        | Killed a yak
   294 | D        | Reached XP level 6. HP: 65/65 MP: 5/5
   295 | D        | Reached skill level 10 in Armour
   300 | D        | Reached skill level 10 in Fighting
   303 | D        | Killed an ice beast
   303 | D        | Reached * piety under Okawaru
   303 | D        | Reached skill level 10 in Shields
   303 | D        | Reached XP level 7. HP: 71/71 MP: 6/6
   363 | D        | Noticed a boulder beetle
   363 | D        | Noticed a wyvern
   363 | D        | Noticed a deep elf mage
   363 | D        | Noticed a boulder beetle
   372 | D        | Killed a deep elf mage
   372 | D        | Reached ** piety under Okawaru
   372 | D        | Reached skill level 10 in Long Blades
   372 | D        | Reached skill level 1 in Stealth
   372 | D        | Reached XP level 8. HP: 36/82 MP: 7/7
   373 | D        | Killed a boulder beetle
   383 | D        | Reached *** piety under Okawaru
   383 | D        | Reached XP level 9. HP: 33/91 MP: 8/8
   390 | D        | Killed a boulder beetle
   808 | D        | Noticed a komodo dragon
   813 | D        | Noticed a cane toad
   820 | D        | Killed a komodo dragon
   820 | D        | Reached **** piety under Okawaru
   856 | D        | Killed a cane toad
   856 | D        | Reached XP level 10. HP: 32/101 MP: 9/9
   858 | D        | Reached skill level 1 in Evocations
  1124 | D        | Noticed an oklob plant
  1129 | D        | Killed an oklob plant
  1129 | D        | Reached ***** piety under Okawaru
  1129 | D        | Reached skill level 15 in Long Blades
  1129 | D        | Reached skill level 1 in Dodging
  1131 | D        | Noticed a four-headed hydra
  1162 | D        | Killed a seven-headed hydra
  1166 | D        | Reached skill level 15 in Armour
  1483 | D        | Received a gift from Okawaru
  1541 | D        | Noticed Gastronok
  1558 | D        | Killed Gastronok
  1558 | D        | Reached skill level 15 in Fighting
  1558 | D        | Reached XP level 11. HP: 111/113 MP: 10/10
  1843 | D        | Noticed an orc sorcerer
  1843 | D        | Noticed an orc knight
  1850 | D        | Killed an orc sorcerer
  1858 | D        | Killed an orc knight
  2188 | D        | Found Wef Buare's Distillery.
  2188 | D        | Noticed an orc high priest
  2190 | D        | Noticed an orc high priest
  2203 | D        | Killed an orc high priest
  2203 | D        | Reached skill level 15 in Shields
  2205 | D        | Noticed an orc knight
  2205 | D        | Found Janiet's Antique Armour Shoppe.
  2208 | D        | Killed an orc high priest
  2310 | D        | Killed an orc knight
  2543 | D        | Found Husesax's Gadget Emporium.
  2546 | D        | Found Tibimayh's Antique Armour Shoppe.
  2551 | D        | Noticed an orc sorcerer
  2552 | D        | Noticed an orc high priest
  2560 | D        | Killed an orc sorcerer
  2573 | D        | Killed an orc high priest
  2610 | D        | Bought a condenser vane (2/2) for 280 gold pieces
  2610 | D        | Bought a wand of acid (6) for 280 gold pieces
  2614 | D        | Bought 2 potions of curing for 84 gold pieces
  2614 | D        | Bought a potion of might for 56 gold pieces
  2614 | D        | Bought 2 potions of heal wounds for 140 gold pieces
  2614 | D        | Bought 2 potions of might for 112 gold pieces
  2614 | D        | Bought a potion of curing for 42 gold pieces
  2616 | D        | Bought a pair of glowing gloves for 172 gold pieces
  2634 | D        | Bought a pair of glowing gloves for 172 gold pieces
  2644 | D        | Bought a glowing hat for 133 gold pieces
  2815 | D        | Found the +8 storm bow {elec, penet}
  2890 | D        | Noticed a four-headed hydra
  2898 | D        | Reached ****** piety under Okawaru
  2898 | D        | Killed a four-headed hydra
  2899 | D        | Noticed an ice dragon
  2902 | D        | Received a gift from Okawaru
  2915 | D        | Killed an ice dragon
  2915 | D        | Reached skill level 5 in Dodging
  2915 | D        | Reached XP level 12. HP: 67/126 MP: 11/11
  2923 | D        | Noticed a centaur warrior
  2944 | D        | Killed a centaur warrior
  2944 | D        | Reached skill level 5 in Stealth
  2951 | D        | Noticed an ice dragon
  2952 | D        | Noticed a fire dragon
  2968 | D        | Killed an ice dragon
  3301 | D        | Killed a fire dragon
  3349 | D        | Noticed Frances
  3371 | D        | Killed Frances
  3371 | D        | Received a gift from Okawaru
  3371 | D        | Reached skill level 1 in Invocations
  3543 | D        | Noticed a satyr
  3544 | D        | Noticed an alligator snapping turtle
  3554 | D        | Killed a satyr
  3561 | D        | Killed an alligator snapping turtle
  3567 | D        | Received a gift from Okawaru
  3634 | D        | Noticed a boulder beetle
  3641 | D        | Killed a boulder beetle
  3641 | D        | Reached skill level 5 in Evocations
  3658 | D        | Noticed a seven-headed hydra
  3658 | D        | Noticed an alligator
  3658 | D        | Noticed a ghost crab
  3661 | D        | Noticed an eight-headed hydra
  3670 | D        | Killed an alligator
  3670 | D        | Received a gift from Okawaru
  3670 | D        | Reached XP level 13. HP: 94/138 MP: 12/12
  3929 | D        | Noticed a nagaraja
  3953 | D        | Killed a nagaraja
  4199 | D        | Noticed Eustachio
  4206 | D        | Killed Eustachio
  4218 | D        | Noticed Snorg
  4228 | D        | Killed Snorg
  4228 | D        | Received a gift from Okawaru
  4309 | D        | Noticed a fire giant
  4309 | D        | Noticed a fire giant
  4309 | D        | Noticed a cyan very ugly thing
  4648 | D        | Reached skill level 10 in Dodging
  4651 | D        | Killed a fire giant
  4707 | D        | Killed a fire giant
  4721 | D        | HP: 7/141 [ice dragon/blast of cold (42)]
  4726 | D        | Killed from afar by an ice dragon

Illustrated notes

Levels and vault maps discovered:
D:        linesprint [early_d, line_temple, items_1, d_10, items_2, lair_1,
          lair_end, items_3, orc_1, orc_end, items_4, d_15, swamp_1, shoals_1,
          snake_1, spider_1, d_20, vaults_1, items_5, swamp_end, shoals_end,
          snake_end, spider_end, vaults_end, d_27, items_6, zot_1, zot_end,
          crypt_end, forest_end, elf_end, slime_end, tomb_end, abyss_end,
          pan_hell_end]

Skill      XL: |  1  2  3  4  5  6  7  8  9 10 11 12 13 |
---------------+----------------------------------------+-----
Fighting       | 4 6 7 9 10 11 12 13 15 17 19 20 | 20.9
Armour         | 4 6 8 9 10 11 12 13 15 16 17 | 17.9
Shields        | 4 6 7 9 10 11 12 14 16 17 19 | 19.6
Long Blades    | 3 4 7 8 10 12 14 16 18 19 20 | 20.4
Stealth        | 1 2 3 4 6 |  6.6
Evocations     | 2 3 5 |  5.7
Dodging        | 3 5 7 10 | 10.5
Invocations    | 1 |  1.2

Action                   |  1- 3 |  4- 6 |  7- 9 | 10-12 | 13-15 || total
-------------------------+-------+-------+-------+-------+-------++-------
Melee: Long sword        |    13 |     9 |       |       |       ||    22
       Headbutt          |     2 |     5 |    23 |    85 |    31 ||   146
       Scimitar          |       |    11 |    67 |   245 |       ||   323
       Double sword      |       |       |       |    38 |    97 ||   135
Invok: Heroism           |       |       |       |     1 |     1 ||     2
Evoke: Wand              |       |       |     2 |     9 |       ||    11
       Condenser vane    |       |       |       |     6 |     1 ||     7
  Use: Potion            |     1 |       |     4 |     4 |     3 ||    12
       Scroll            |       |       |       |     2 |       ||     2
 Stab: Invisible         |       |       |     2 |       |       ||     2
       Confused          |       |       |       |     2 |     1 ||     3
       Sleeping          |       |       |       |       |     1 ||     1
Armor: Scale mail        |     4 |       |       |    53 |    28 ||    85
       Chain mail        |       |     2 |    20 |    31 |       ||    53
Dodge: Dodged            |       |     6 |     9 |    99 |    46 ||   160
       Repelled          |       |       |       |       |     1 ||     1
Block: Kite shield       |     6 |     5 |    22 |   114 |    63 ||   210
       Rpst.: Scimitar   |       |     1 |     2 |    15 |       ||    18
       Double sword      |       |       |       |     3 |     8 ||    11

Table legend: (Time is in decaauts)
 A = Elapsed time spent in this place.
 B = Non-inter-level travel time spent in this place.
 C = Inter-level travel time spent in this place.
 D = Time resting spent in this place.
 E = Time spent auto-exploring this place.
 F = Levels seen in this place.
 G = Mean time per level.
                   A        B        C        D        E       F      G
               +--------+--------+--------+--------+--------+-----+--------+
         Total |   4601 |   4601 |      0 |   2702 |    533 |   1 | 4601.0 |
       Dungeon |   4601 |   4601 |      0 |   2702 |    533 |   1 | 4601.0 |
               +--------+--------+--------+--------+--------+-----+--------+

Top non-repeatable levels by time:
       D: 4601 daAuts
